Map: Ulrena

Players

LiquidSnute (Snute)

  • Race: Zerg Zerg
  • League: Grandmaster

Nerchio - Winner!

  • Race: Zerg Zerg
  • League: Grandmaster

Event: 2016 WCS Winter Challenger Europe

VOD

Have the link to the VOD?

Description

Time

  • Played on: Feb. 14, 2016, 1:48 p.m.
  • Length: 7:10

All games in this series

Show
View Real Time Build Order
Export as new Build Order

LiquidSnute Zerg 

Build Orders: Hatch First, Zergling Baneling 

Get SALT Encoding   

  12  0:00  Drone  
  13  0:12  Overlord  
  13  0:17  Drone  
  14  0:30  Drone x2  
  14  0:34  Drone  
  17  0:52  Hatchery  
  17  0:55  Drone  
  17  1:08  Spawning Pool  
  16  1:11  Drone  
  16  1:14  Drone  
  19  1:18  Drone  
  19  1:20  Extractor  
  18  1:50  Hatchery  
  17  1:56  Queen  
  17  1:57  Zergling x4  
  22  2:02  Extractor, Zergling x2  
  22  2:04  Zergling x2  
  25  2:10  Baneling Nest  
  25  2:12  Zergling x2  
  26  2:25  Overlord  
  26  2:36  Overlord  
  24  2:54  Baneling x2, Queen  
  24  2:55  Zergling x2, Baneling x2  
  24  2:56  Zergling x4  
  29  2:58  Zergling x2  
  25  3:06  Zergling x6  
  25  3:10  Zergling x2  
  22  3:32  Baneling  
  22  3:33  Baneling  
  20  3:36  Baneling  
  19  3:43  Drone  
  18  3:54  Drone  
  17  3:58  Drone  
  17  4:06  Drone  
  18  4:13  Baneling  
  18  4:15  Drone  
  19  4:21  Drone  
  20  4:24  Baneling  
  20  4:32  Drone  
  19  4:42  Drone x3  
  21  4:54  Drone  
  21  4:59  Zergling x2  
  17  5:07  Queen  
  19  5:15  Baneling  
  19  5:16  Baneling  
  19  5:19  Drone  
  20  5:23  Drone  
  18  5:34  Drone  
  18  5:42  Zergling x2  
  17  5:52  Queen  
  19  5:57  Zergling x2  
  20  6:04  Zergling x2  
  13  6:21  Baneling  
  13  6:30  Drone  
  14  6:35  Drone  
  15  6:43  Drone  
  16  6:50  Drone  
Show
View Real Time Build Order
Export as new Build Order

Nerchio Zerg - Winner!

Build Orders: Pool First, Zergling Baneling 

Get SALT Encoding   

  12  0:01  Drone  
  13  0:08  Drone  
  14  0:19  Extractor  
  13  0:29  Spawning Pool  
  13  0:31  Drone  
  14  0:35  Drone  
  14  0:45  Overlord  
  14  1:15  Queen  
  14  1:16  Zergling x6  
  19  1:25  Metabolic Boost  
  19  1:30  Zergling x2  
  20  1:38  Zergling x2  
  21  1:46  Baneling Nest  
  20  1:48  Zergling x2  
  21  2:00  Zergling x2  
  22  2:10  Overlord  
  22  2:29  Baneling x2  
  22  2:30  Zergling x8  
  26  2:39  Baneling x2  
  26  2:40  Zergling x2  
  27  2:46  Baneling  
  27  2:51  Zergling x2  
  27  3:02  Zergling x2  
  27  3:03  Zergling x2  
  27  3:06  Zergling x4  
  29  3:19  Zergling x2  
  26  3:25  Baneling  
  26  3:26  Zergling x2  
  25  3:35  Zergling x2  
  26  3:42  Zergling x4  
  27  3:51  Zergling x2  
  23  4:03  Drone x2  
  23  4:08  Baneling x2  
  25  4:11  Baneling  
  25  4:12  Drone  
  25  4:15  Drone x3  
  27  4:22  Baneling  
  25  4:43  Zergling x6  
  27  4:48  Zergling x4  
  30  4:52  Zergling x2  
  29  5:00  Hatchery  
  29  5:05  Zergling x2  
  28  5:14  Baneling x2  
  28  5:15  Zergling x2  
  29  5:27  Zergling x4  
  28  5:29  Zergling x2  
  28  5:30  Queen  
  28  5:35  Zergling x2  
  28  5:43  Zergling x2  
  28  5:44  Baneling x2  
  29  5:52  Zergling x4  
  29  5:54  Overlord  
  29  6:06  Zergling x2  
  29  6:09  Overlord  
  30  6:12  Baneling  
  30  6:14  Zergling x4  
  29  6:31  Zergling x8  
  32  6:32  Baneling  
  32  6:34  Zergling x2  
  32  6:38  Zergling x2  
  33  6:45  Baneling x5  
  34  6:47  Zergling x2  
  34  6:52  Zergling x2  
Tags
 
Add a new tag
Caveats
  • Supply blocks, unpowered buildings, or Contaminate may cause inaccurate times.
  • Supply counts are checked every 10 seconds.